 Dungeon Crawl Stone Soup version 0.19-a0-965-g50bf062 (webtiles) character file.

473 Ijustatesigmund the Skirmisher (level 6, -2/51 HPs)
             Began as a Demonspawn Fighter on July 12, 2016.
             Slain by tstbtto's ghost (8 damage)
             ... on level 4 of the Dungeon.
             The game lasted 00:10:25 (4152 turns).

Ijustatesigmund the Skirmisher (Demonspawn Fighter) Turns: 4152, Time: 00:10:26

Health: -2/51      AC:  8    Str: 16    XL:     6   Next: 84%
Magic:  0/6        EV: 17    Int: 10    God:
Gold:   128        SH:  9    Dex: 19    Spells: 0 memorised, 5 levels left

rFire  . . .     SeeInvis .     a - +1 long sword
rCold  + . .     Gourm    .     b - +0 scale mail
rNeg   . . .     Faith    .     c - +0 shield
rPois  .         Spirit   +     (no helmet)
rElec  .         Dismiss  .     (no cloak)
rCorr  .         Reflect  .     (no gloves)
SustAt .         Harm     .     k - +1 pair of boots
MR     .....                    h - amulet of guardian spirit
Stlth  +.........               (no ring)
                                (no ring)

@: agile, not resistant to hostile enchantments, very unstealthy
A: hooves 1, repulsion field 2, cold resistance 1
a: no special abilities


You were on level 4 of the Dungeon.
You were not hungry.

You visited 1 branch of the dungeon, and saw 4 of its levels.

You collected 128 gold pieces.

Inventory:

Hand Weapons
 a - a +1 long sword (weapon)
Armour
 b - a +0 scale mail (worn)
 c - a +0 shield (worn)
 k - a +1 pair of boots (worn)
Jewellery
 h - an amulet of guardian spirit (around neck)
Wands
 g - a wand of random effects (17/48)
 j - a wand of iceblast (9/15)
Scrolls
 d - 2 scrolls of remove curse
 o - a scroll of noise {unknown}
Potions
 e - a potion of cure mutation
 l - 3 potions of curing
 m - 2 potions of cancellation
 p - a potion of mutation {unknown}
Comestibles
 f - 5 bread rations
 n - 2 beef jerkies


   Skills:
 + Level 5.1 Fighting
 + Level 4.1 Long Blades
 - Level 2.6 Armour
 + Level 3.4 Dodging
 - Level 2.6 Shields


You had 5 spell levels left.
You didn't know any spells.

Dungeon Overview and Level Annotations

Branches:
Dungeon (4/15)
 Temple: D:4-7

Altars:
Kikubaaqudgha
Pakellas
Sif Muna
Xom

Annotations:
D:4 tstbtto's ghost, amateur MiFi


Innate Abilities, Weirdness & Mutations

You have large cloven feet.
You are surrounded by a moderate repulsion field. (EV +3)
Your flesh is cold resistant. (rC+)


Message History

You hit tstbtto's ghost.
Tstbtto's ghost is severely damaged.
Tstbtto's ghost completely misses you.
You riposte.
You hit tstbtto's ghost.
Tstbtto's ghost is severely damaged.
You closely miss tstbtto's ghost.
Tstbtto's ghost is severely damaged.
Tstbtto's ghost hits you but does no damage.
You hit tstbtto's ghost but do no damage.
Tstbtto's ghost is severely damaged.
Tstbtto's ghost hits you!
* * * LOW HITPOINT WARNING * * *
Tstbtto's ghost hits you but does no damage.
You hit tstbtto's ghost.
Tstbtto's ghost is severely damaged.
Tstbtto's ghost shouts, "You must not succeed where I failed!"
Tstbtto's ghost misses you.
You completely miss tstbtto's ghost.
Tstbtto's ghost is severely damaged.
Tstbtto's ghost hits you!
You die...

..... ## ##. ####. ...
#.. #. #.. #.# ##
#.###.# ...#.#
#...###### #.
..####......<# #.# #
....>.W@.....# #.# ####
.##..........###.####...
........................
..##.........###.###...#
# #.........# #.#......
#.#.......###.......#
#.#............##.###
#.#.......#....##.#
########.....##.#


You could see tstbtto's ghost.

Vanquished Creatures
  A crimson imp (D:4)
  3 orc priests
  2 orc wizards (D:3)
  Natasha (twice) (D:2)
  A worker ant (D:4)
  6 adders
  4 gnolls (D:2)
  2 worms
  2 dart slugs
  2 giant geckos
  15 orcs
  10 bats
  5 giant cockroaches
  9 hobgoblins
  8 jackals (D:1)
  2 quokkas
  4 giant newts
  14 goblins
  5 kobolds
  11 rats
108 creatures vanquished.

Notes
Turn   | Place    | Note
-------+----------+-------------------------------------------
     0 | D:1      | Ijustatesigmund the Demonspawn Fighter began the quest for the Orb.
     0 | D:1      | Reached XP level 1. HP: 18/18 MP: 1/1
   209 | D:1      | Gained mutation: You are surrounded by a mild repulsion field. (EV +2) [demonic ancestry]
   209 | D:1      | Reached XP level 2. HP: 24/24 MP: 2/2
   260 | D:1      | Reached skill level 1 in Dodging
   512 | D:1      | Gained mutation: Your flesh is cold resistant. (rC+) [demonic ancestry]
   512 | D:1      | Reached XP level 3. HP: 29/29 MP: 3/3
  1295 | D:2      | Found a deep blue altar of Sif Muna.
  1320 | D:2      | Found an oddly glowing altar of Pakellas.
  1367 | D:2      | Gained mutation: You have large cloven feet. [demonic ancestry]
  1367 | D:2      | Reached XP level 4. HP: 32/36 MP: 4/4
  1569 | D:2      | Found a faded altar of an unknown god.
  1730 | D:2      | Reached skill level 4 in Fighting
  1953 | D:2      | Noticed Natasha
  2092 | D:2      | Killed Natasha
  2092 | D:2      | Gained mutation: You are surrounded by a moderate repulsion field. (EV +3) [demonic ancestry]
  2092 | D:2      | Reached XP level 5. HP: 28/42 MP: 3/5
  2105 | D:2      | Noticed Natasha
  2121 | D:2      | Killed Natasha
  2490 | D:3      | Found a shimmering altar of Xom.
  2580 | D:3      | Reached XP level 6. HP: 14/49 MP: 3/6
  2911 | D:3      | Found an ancient bone altar of Kikubaaqudgha.
  3726 | D:4      | Reached skill level 5 in Fighting
  3787 | D:4      | Noticed tstbtto's ghost (amateur MiFi)
  4152 | D:4      | Slain by tstbtto's ghost

Vault maps used:
D:1:      evilmike_arrival_run_for_it, minmay_tiny_reverse_x
D:2:      lemuel_crystal_altar, nicolae_overflow_hidden_temple, first_bread,
          ecumenical_altar_2, uniq_natasha
D:3:      lemuel_round_altar, kiku_gazebo_pond_becter
D:4:      kennysheep_slug_shrine, nicolae_qazlal_eye_of_the_storm

Skill      XL: |  1  2  3  4  5  6 |
---------------+-------------------+-----
Long Blades    | 2 3 4 |  4.1
Dodging        | 1 2 3 |  3.4
Fighting       | 4 5 |  5.1
Armour         | |  2.6
Shields        | |  2.6

Action                   |  1- 3 |  4- 6 || total
-------------------------+-------+-------++-------
Melee: Long sword        |   161 |   372 ||   533
  Use: Potion            |     2 |     5 ||     7
       Scroll            |     2 |     8 ||    10
  Eat: Chunk             |     2 |     8 ||    10
       Beef jerky        |       |     1 ||     1
Armor: Scale mail        |    55 |   100 ||   155
Dodge: Dodged            |    43 |   139 ||   182
Block: Shield            |    71 |   156 ||   227
